 Dungeon Crawl Stone Soup version 0.29-a0-668-g12ee2bf84d (webtiles) character file.

Game seed: 16338393750418433491

396 avis the Chiller (level 6, -4/52 HPs)
             Began as a Demigod Ice Elementalist on June 23, 2022.
             Slain by a wyvern (14 damage)
             ... on level 4 of the Dungeon.
             The game lasted 00:26:46 (4328 turns).

avis the Chiller (Demigod Ice Elementalist)         Turns: 4328, Time: 00:26:49

Health: -4/52      AC:  2    Str:  6    XL:     6   Next: 27%
Magic:  3/13       EV: 12    Int: 17    God:
Gold:   237        SH:  0    Dex: 22    Spells: 2/11 levels left

rFire   . . .      SeeInvis .   f - +0 dagger
rCold   . . .      Faith    .   (no shield)
rNeg    . . .      Spirit   .   h - +2 robe of the Beloved God {+Inv Fly rElec rF- Str-3}
rPois   .          Reflect  .   (no helmet)
rElec   +          Harm     .   (no cloak)
rCorr   .          Rampage  .   (no gloves)
Will    .....                   (no boots)
Stlth   ++........              (no amulet)
HPRegen 0.17/turn               d - ring of wizardry
MPRegen 0.13/turn               t - ring of protection from fire

@: ice-armoured, corroded, flying
A: high MP 1, forlorn, divine attributes
a: Evoke Invisibility


You were on level 4 of the Dungeon.
You visited 1 branch of the dungeon, and saw 4 of its levels.

You collected 237 gold pieces.

Inventory:

Hand Weapons
 f - a +0 dagger (weapon)
 r - a +0 short sword
Missiles
 g - 2 atropa-tipped darts
 u - 6 poisoned darts
Armour
 a - a +0 robe
 h - the +2 robe of the Beloved God (worn) {+Inv Fly rElec rF- Str-3}
   (You found it on level 2 of the Dungeon)

   Str:       It affects your strength (-3).
   rF:        It makes you vulnerable to fire.
   rElec:     It insulates you from electricity.
   +Inv:      It lets you turn invisible.
   Fly:       It grants you flight.
 v - a +0 buckler
Jewellery
 d - a ring of wizardry (left hand)
 t - a ring of protection from fire (right hand)
Scrolls
 c - 5 scrolls of identify {unknown}
 e - 2 scrolls of vulnerability {unknown}
 j - a scroll of enchant armour {unknown}
 k - 2 scrolls of silence {unknown}
 l - 3 scrolls of teleportation {unknown}
 m - a scroll of poison {unknown}
 o - a scroll of immolation {unknown}
 p - a scroll of summoning {unknown}
Potions
 b - a potion of magic
 i - a potion of might {unknown}
 n - 7 potions of heal wounds {unknown}
 q - a potion of degeneration {unknown}
 s - a potion of resistance {unknown}
 w - a potion of cancellation {unknown}


   Skills:
 - Level 4.0 Fighting
 - Level 1.7 Dodging
 - Level 1.7 Stealth
 - Level 3.0 Spellcasting
 - Level 1.0 Translocations
 * Level 4.8 Ice Magic
 - Level 1.0 Air Magic


You had 2 spell levels left.
You knew the following spells:

 Your Spells              Type           Power      Damage    Failure   Level
a - Freeze                Ice            72%        1d9       1%          1
b - Blink                 Tloc           10%        N/A       7%          2
f - Swiftness             Air            5%         N/A       14%         3
o - Ozocubu's Armour      Ice            18%        N/A       3%          3

Your spell library contained the following spells:

 Spells                   Type           Power      Damage    Failure   Level
 Ensorcelled Hibernation  Hex/Ice        20%        N/A       4%          2
 Passwall                 Tmut/Erth      1%         N/A       11%         2
 Frozen Ramparts          Ice            36%        1d5       3%          3
 Gell's Gravitas          Tloc           5%         N/A       14%         3
 Lesser Beckoning         Tloc           5%         N/A       14%         3
 Teleport Other           Tloc           5%         N/A       14%         3
 Hailstorm                Conj/Ice       10%        3d5       26%         4
 Manifold Assault         Tloc           5%         N/A       75%         5
 Dispersal                Tloc           2%         N/A       99%         6


Dungeon Overview and Level Annotations

Branches:
Dungeon (4/15)
 Temple: D:4-7


Innate Abilities, Weirdness & Mutations

You have an increased reservoir of magic. (+10% MP)
You shall have no god before yourself.
Your divine heritage dramatically boosts your attributes as you level up.


Message History

You freeze the jelly.
The jelly is almost dead.
The jelly closely misses you.
Unknown command.
Casting: Freeze (safe; 1% risk of failure)
Confirm with . or Enter, or press ? or * to list all spells.
Aiming: Freeze (safe; 1% risk of failure)
Press: ? - help, Shift-Dir - straight line, f/p - jelly
Aim: a jelly (almost dead)
You freeze the jelly.
The jelly is almost dead.
The jelly hits you but does no damage.
Unknown command.
Casting: Freeze (safe; 1% risk of failure)
Confirm with . or Enter, or press ? or * to list all spells.
Aiming: Freeze (safe; 1% risk of failure)
Press: ? - help, Shift-Dir - straight line, f/p - jelly
Aim: a jelly (almost dead)
You freeze the jelly.
You kill the jelly!
The wyvern bites you.
* * * LOW HITPOINT WARNING * * *
Casting: Freeze (safe; 1% risk of failure)
Confirm with . or Enter, or press ? or * to list all spells.
Aiming: Freeze (safe; 1% risk of failure)
Press: ? - help, Shift-Dir - straight line, f - wyvern
Aim: a wyvern You freeze the wyvern.
The wyvern is lightly wounded.
The wyvern bites you.
* * * LOW HITPOINT WARNING * * *
Casting: Freeze (safe; 1% risk of failure)
Confirm with . or Enter, or press ? or * to list all spells.
Aiming: Freeze (safe; 1% risk of failure)
Press: ? - help, Shift-Dir - straight line, f/p - wyvern
Aim: a wyvern (lightly wounded)
You freeze the wyvern.
The wyvern is moderately wounded.
The wyvern barely misses you. The wyvern bites you!
You die...

##########
.........#
########.#########
#.........#
################.#
........# #.#
######..# #.# #..#
#@# #..# #l# #..#
#g# #..# #.# #..#
##.### #..#
####....#
#..####.....#.##
#.......#'#....#
##.##.(##.##.#.#


You could see a wyvern and a hobgoblin.

Vanquished Creatures
  A sky beast (D:4)
  A jelly (D:4)
  2 hounds (D:4)
  An orc priest (D:4)
  An iguana (D:4)
  An orc wizard (D:4)
  6 adders
  A worm (D:2)
  A dart slug (D:1)
  7 orcs
  9 ball pythons
  9 endoplasms
  A giant cockroach (D:1)
  7 goblins
  4 hobgoblins
  2 jackals (D:3)
  5 quokkas
  5 bats
  A frilled lizard (D:1)
  8 kobolds
  2 rats
75 creatures vanquished.

Notes
Turn   | Place    | Note
-------+----------+-------------------------------------------
     0 | D:1      | avis the Demigod Ice Elementalist began the quest for the
                  | Orb.
     0 | D:1      | Reached XP level 1. HP: 14/14 MP: 5/5
   153 | D:1      | Reached skill level 1 in Fighting
   653 | D:1      | Reached XP level 2. HP: 23/23 MP: 4/7
  1019 | D:2      | Identified the +2 robe of the Beloved God {+Inv Fly rElec
                  | rF- Str-3}
  1188 | D:2      | Learned a level 2 spell: Blink
  1810 | D:2      | Reached XP level 3. HP: 29/29 MP: 6/8
  1879 | D:2      | Learned a level 3 spell: Ozocubu's Armour
  2715 | D:3      | Reached XP level 4. HP: 35/38 MP: 0/9
  3356 | D:4      | Noticed a sky beast
  3367 | D:4      | Killed a sky beast
  3368 | D:4      | Reached XP level 5. HP: 42/46 MP: 1/12
  3372 | D:4      | Learned a level 3 spell: Swiftness
  3536 | D:4      | Reached skill level 1 in Translocations
  3817 | D:4      | Reached skill level 1 in Air Magic
  4173 | D:4      | Reached XP level 6. HP: 50/51 MP: 9/13
  4303 | D:4      | Noticed a wyvern
  4328 | D:4      | Slain by a wyvern

Illustrated notes

Levels and vault maps discovered:
D:1:      nzn_arrival_depleted_hourglass, layout_loops_ring,
          ebering_ecumenical_altar_box
D:2:      layout_loops_ring, grunt_ministairs_7, chequers_serial_rivers_micro_a
D:3:      layout_loops_ring, kennysheep_generic_room_13
D:4:      layout_loops_ring, nicolae_overflow_hidden_temple, amethyst_killhole,
          minmay_crystal_room, minmay_divided_ellipse

Skill      XL: |  1  2  3  4  5 |
---------------+----------------+-----
Fighting       | 1 2 3 4 |  4.0
Ice Magic      | 4 |  4.8
Spellcasting   | 2 3 |  3.0
Translocations | 1 |  1.0
Air Magic      | 1 |  1.0
Dodging        | |  1.7
Stealth        | |  1.7

Action                   |  1- 3 |  4- 6 || total
-------------------------+-------+-------++-------
Melee: Unarmed           |     2 |       ||     2
       Dagger            |    28 |    18 ||    46
       Punch             |       |     1 ||     1
 Cast: Freeze            |    72 |    71 ||   143
       Ozocubu's Armour  |     4 |     3 ||     7
 Stab: Sleeping          |     5 |     4 ||     9
Armor: Robe              |    27 |    22 ||    49
Dodge: Dodged            |    44 |    56 ||   100

Table legend: (Time is in decaauts)
 A = Elapsed time spent in this place.
 B = Non-inter-level travel time spent in this place.
 C = Inter-level travel time spent in this place.
 D = Time resting spent in this place.
 E = Time spent auto-exploring this place.
 F = Levels seen in this place.
 G = Mean time per level.
                   A        B        C        D        E       F      G
               +--------+--------+--------+--------+--------+-----+--------+
         Total |   4328 |   4130 |    198 |   1421 |   1930 |   4 | 1082.0 |
       Dungeon |   4328 |   4130 |    198 |   1421 |   1930 |   4 | 1082.0 |
               +--------+--------+--------+--------+--------+-----+--------+

Top non-repeatable levels by time:
     D:1: 1277 daAuts
     D:4: 1165 daAuts
     D:2: 1023 daAuts
     D:3: 862 daAuts
